Cogmind - Beta 9.3 @@@ ROGUE MODE // 2019.12.27 @ 19:01:51 Player: Tough2Name Result: Destroyed by as-08912 with Assembled Heavy Rifle Performance ------------- Evolutions (0) 0 Regions Visited (2) 400 Robots Destroyed (13) 65 Value Destroyed (291) 291 Prototype IDs (2) 40 Alien Tech Used (0) 0 Bonus (0) 0 TOTAL SCORE: 796 Bonus ------- None Cogmind --------- Core Integrity 0/250 Matter 290/300 Energy 242/250 System Corruption 0% Temperature Cool (40) Movement Rolling (120) Ox2 Location -10/Mines Parts ------- > --- POWER (1) -------- Ion Engine > --- PROPULSION (2) --- Light Treads Compact Wheel > --- UTILITY (2) ------ Large Storage Unit Large Storage Unit > --- WEAPON (2) ------- EM Pulse Gun Light Assault Rifle > --- INVENTORY (16) --- Ion Engine Ion Engine Aluminum Leg Aluminum Leg Aluminum Leg Wheel Wheel Wheel Medium Storage Unit Large Storage Unit EM Pulse Gun Light Cannon Peak State ------------ > --- POWER ------------ Light Ion Engine > --- PROPULSION ------- Light Treads Compact Wheel > --- UTILITY ---------- Large Storage Unit Large Storage Unit > --- WEAPON ----------- Light Assault Rifle Light Assault Rifle > --- INVENTORY -------- Ion Engine Ion Engine Ion Engine Aluminum Leg Aluminum Leg Aluminum Leg Wheel Wheel Medium Storage Unit Assault Rifle [Rating: 8] Favorites ----------- Power Light Ion Engine Engine Light Ion Engine Propulsion Compact Wheel Treads Light Treads Leg Aluminum Leg Wheel Compact Wheel Utility Large Storage Unit Storage Large Storage Unit Weapon Light Assault Rifle Energy Gun EM Pulse Gun Ballistic Gun Light Assault Rifle Build | -11 -10 -10 ------- Run | Scr Mat Min Slots Evolved . | . . . Power . | . . . Propulsion . | . . . Utility . | . . . Weapon . | . . . Parts Attached 25 | 7 13 5 Power 5 | 2 2 1 Engine 5 | 2 2 1 Core . | . . . Reactor . | . . . Propulsion 7 | 2 5 . Treads 3 | 1 2 . Leg 2 | . 2 . Wheel 2 | 1 1 . Hover . | . . . Flight . | . . . Utility 3 | 1 2 . Device . | . . . Storage 3 | 1 2 . Processor . | . . . Hackware . | . . . Protection . | . . . Artifact . | . . . Weapon 10 | 2 4 4 Energy Gun 3 | . 1 2 Energy Cannon . | . . . Ballistic Gun 7 | 2 3 2 Ballistic Cannon . | . . . Launcher . | . . . Special Weapon . | . . . Impact Weapon . | . . . Slashing Weapon . | . . . Piercing Weapon . | . . . Special Melee Weapon . | . . . Unidentified Prototypes . | . . . Parts Lost 9 | . 5 4 Power 2 | . 1 1 Propulsion 1 | . 1 . Utility . | . . . Weapon 6 | . 3 3 Highest Loss Streak 4 | . 3 4 Average Slot Usage (%) 99 | . 99 97 Engine 13 | . 13 12 Treads 13 | . 13 14 Wheel 14 | . 14 14 Storage 27 | . 27 28 Energy Gun 2 | . . 14 Ballistic Gun 24 | . 27 12 Naked Turns . | . . . Heaviest Build 40 | 11 40 40 Greatest Support 20 | 16 20 16 Greatest Overweight (x) 3 | 3 2 2 Average Overweight (x) 1 | . 1 2 Largest Inventory Capacity 16 | 6 16 16 Average Capacity 14 | 5 15 16 Most Carried 16 | 4 16 16 Average Carried 9 | 2 9 15 Final Capacity 16 | 6 16 16 Final Carried 16 | 4 16 12 Class Distribution -------------------- 100% | Mutant Dominant Class ---------------- Mutant | -10/Materials Mutant | -10/Mines Resources | -11 -10 -10 ----------- Run | Scr Mat Min Matter Collected 510 | 218 239 53 Remotely . | . . . Salvage Created 337 | . 298 39 Parts 20 | . 20 . Haulers Intercepted . | . . . Recyclers Shooed . | . . . Parts Field Recycled . | . . . Retrieved Matter . | . . . Parts Self-Destructed . | . . . Prevented . | . . . Kills | -11 -10 -10 ------- Run | Scr Mat Min Combat Hostiles Destroyed 13 | . 10 3 Guns 12 | . 9 3 AOE 1 | . 1 . Classes Destroyed 3 | . 2 1 Swarmer 3 | . 3 . Grunt 7 | . 7 . Assembled 3 | . . 3 Best Kill Streak 6 | . 6 2 Combat Bots Only 6 | . 6 2 Max Kills in Single Turn 1 | . 1 1 Gunslinging . | . . . Exploded 1 | . 1 . Melee . | . . . Uniques/NPCs Destroyed . | . . . Combat | -11 -10 -10 -------- Run | Scr Mat Min Damage Taken 1288 | . 935 353 Core 261 | . 199 62 Absorbed by Shields . | . . . Core Remaining (%) 100 | 100 . . Volleys Fired 55 | . 42 13 Largest 2 | . 2 2 Hottest 60 | . 60 60 Shots Fired 109 | . 84 25 Gun 109 | . 84 25 Cannon . | . . . Launcher . | . . . Special . | . . . Kinetic 87 | . 74 13 Thermal 10 | . 10 . Explosive . | . . . Electromagnetic 12 | . . 12 Robot Hit Streak 18 | . 18 4 Robot Miss Streak 4 | . 4 3 Penetration Max . | . . . Secondary Targets . | . . . Shots Hit Robots 77 | . 60 17 Core Hits 27 | . 20 7 Critical Hits 3 | . 3 . Critical Kills 1 | . 1 . Critical Parts Destroyed 2 | . 2 . Melee Attacks . | . . . Impact . | . . . Slashing . | . . . Piercing . | . . . Sneak Attacks . | . . . Combat Hostiles . | . . . Follow-up Attacks . | . . . Damage Inflicted 754 | . 598 156 Guns 646 | . 490 156 Cannons . | . . . Explosions 108 | . 108 . Melee . | . . . Ramming . | . . . Kinetic 446 | . 390 56 Thermal 100 | . 100 . Explosive 108 | . 108 . Electromagnetic 100 | . . 100 Impact . | . . . Slashing . | . . . Piercing . | . . . Highest Corruption . | . . . Average Corruption . | . . . Corruption Purged . | . . . Overload Shots . | . . . Overflow Damage 15 | . 15 . Projectiles . | . . . Explosions 15 | . 15 . Melee . | . . . Knockbacks . | . . . Impact . | . . . Kinetic . | . . . Secondary . | . . . Self-Inflicted Damage 95 | . 95 . Shots 1 | . 1 . Rammed . | . . . Targets Rammed . | . . . Kicked . | . . . Crushed . | . . . Highest Temperature 132 | . 132 40 Average Temperature 38 | . 45 18 Received Heat Transfer 408 | . 408 . Siege Activations . | . . . Robots Corrupted . | . . . Combat Hostiles . | . . . Parts Fried . | . . . Impact Corruptions . | . . . Robots Melted . | . . . Combat Hostiles . | . . . Parts Melted . | . . . Heat Transferred 225 | . 225 . Parts Sabotaged . | . . . Parts Stolen . | . . . Parts Stripped . | . . . Power Chain Reactions . | . . . Missiles Intercepted . | . . . Alert | -11 -10 -10 ------- Run | Scr Mat Min Peak Influence 168 | . 168 65 Average Influence 65 | . 79 54 Maximum Alert Level . | . . . Low Security (%) 100 | 100 100 100 Level 1 . | . . . Level 2 . | . . . Level 3 . | . . . Level 4 . | . . . Level 5 . | . . . High Security . | . . . Max Security . | . . . Squads Dispatched 3 | . 3 . Investigation 2 | . 2 . Extermination . | . . . Reinforcement 1 | . 1 . Assault . | . . . Garrison . | . . . Intercept . | . . . Construction Impeded . | . . . Haulers Reinforced . | . . . Stealth | -11 -10 -10 --------- Run | Scr Mat Min Distress Signals 2 | . 2 . Communications Jammed . | . . . Distress Signals . | . . . Times Spotted 24 | . 18 6 Peak Tracking Total 6 | . 6 5 Tactical Retreats 2 | . 2 . Traps | -11 -10 -10 ------- Run | Scr Mat Min Traps Triggered 2 | . 2 . Indirectly . | . . . Trap Hack Attempts . | . . . Triggered . | . . . Disarmed . | . . . Reprogrammed . | . . . Reused . | . . . Traps Extracted . | . . . Installed . | . . . Triggered . | . . . Machines | -11 -10 -10 ---------- Run | Scr Mat Min Machines Disabled 1 | . 1 . Max in Single Turn 1 | . 1 . Machines Sabotaged . | . . . Garrisons Compromised . | . . . Overloaded Fab Kills . | . . . Fab Network Shutdowns . | . . . Hacking | -11 -10 -10 --------- Run | Scr Mat Min Machines Accessed 2 | . 2 . Terminals 2 | . 2 . Fabricators . | . . . Repair Stations . | . . . Recycling Units . | . . . Scanalyzers . | . . . Garrison Access . | . . . Total Hacks 5 | . 5 . Successful 2 | . 2 . Failed 3 | . 3 . Catastrophic 1 | . 1 . Database Lockouts . | . . . Manual 4 | . 4 . Terminals 5 | . 5 . Fabricators . | . . . Repair Stations . | . . . Recycling Units . | . . . Scanalyzers . | . . . Garrison Access . | . . . Terminal Hacks 2 | . 2 . Prototype ID Bank 1 | . 1 . Branch Access Points 1 | . 1 . Fabricator Hacks . | . . . Repair Station Hacks . | . . . Recycling Unit Hacks . | . . . Scanalyzer . | . . . Garrison Access Hacks . | . . . Unauthorized Hacks . | . . . Terminals . | . . . Fabricators . | . . . Repair Stations . | . . . Recycling Units . | . . . Scanalyzers . | . . . Garrison Access . | . . . Data Cores Recovered . | . . . Used . | . . . Hacking Detections 2 | . 2 . Full Trace Events . | . . . Feedback Events . | . . . Feedback Blocked . | . . . Robot Schematics Acquired . | . . . Robots Built . | . . . Matter . | . . . Time . | . . . Total Robot Build Rating . | . . . Part Schematics Acquired . | . . . Parts Built . | . . . Matter . | . . . Time . | . . . Total Part Build Rating . | . . . Parts Repaired . | . . . Time . | . . . Parts Recycled . | . . . Recycled Matter . | . . . Retrieved Matter . | . . . Retrieved Components . | . . . Parts Scanalyzed . | . . . Part Schematics Acquired . | . . . Parts Damaged . | . . . Bothacking | -11 -10 -10 ------------ Run | Scr Mat Min Used RIF Installer . | . . . Robots Hacked . | . . . Non-combat . | . . . Combat . | . . . Robot Hacks Applied . | . . . Relay Couplers Released . | . . . Robots Rewired . | . . . Allies Hacked . | . . . Hacks Repelled . | . . . Allies | -11 -10 -10 -------- Run | Scr Mat Min Total Allies . | . . . Largest Group . | . . . Highest-Rated Group . | . . . Highest-Rated Ally . | . . . Total Orders . | . . . Ally Attacks . | . . . Total Damage . | . . . Kills . | . . . Allies Corrupted . | . . . Allies Melted . | . . . Intel | -11 -10 -10 ------- Run | Scr Mat Min Robot Analysis Total . | . . . Derelict Logs Recovered . | . . . Drone Launches . | . . . Drone Recoveries . | . . . Exploration | -11 -10 -10 ------------- Run | Scr Mat Min Turns Passed 851 | 104 617 130 Spaces Moved 423 | 73 281 69 Core 20 | 20 . . Treads 186 | . 186 . Legs . | . . . Wheels 217 | 53 95 69 Hover . | . . . Flight . | . . . Fastest Speed 50 | 50 100 120 Average Speed 145 | 119 158 120 Slowest Speed 200 | 200 180 120 Overloaded Moves . | . . . Propulsion Burnouts . | . . . Robots Hopped . | . . . Cave-ins Triggered . | . . . Exploration Rate (%) 25 | 4 55 16 Regions Visited 2 Branch Regions 1 Pre-discovered Areas . | . . . Known Exits Taken 1 | . 1 . Unknown Exits Taken 1 | 1 . . Scrap Searched . | . . . Spaces Dug . | . . . Terrain Destroyed 30 | . 30 . Melee . | . . . Projectile . | . . . AOE 30 | . 30 . Actions | -11 -10 -10 --------- Run | Scr Mat Min Total 561 | 89 378 94 Wait 28 | . 23 5 Move 421 | 72 280 69 Hop . | . . . Pick Up 30 | 10 19 1 Fast Attach . | . . . Attach 16 | 6 6 4 Detach . | . . . Swap 9 | 1 7 1 Drop 2 | . 1 1 Fire 55 | . 42 13 Melee . | . . . Ram . | . . . Kick . | . . . Crush . | . . . Escape Stasis . | . . . Rewire . | . . . Trap . | . . . Miscellaneous . | . . . Route ------- -11/Scrapyard -10/Materials (discovered 3 exits: [*Mat x2] / *Min) -10/Mines History --------- Turn | Location | Event 2 | -11/Scrapyard | Met Revision 17 33 | -11/Scrapyard | Discovered new exit (range 16) 105 | -11/Scrapyard | Entered Materials 235 | -10/Materials | Discovered new exit (range 16) 306 | -10/Materials | Build established: Mutant 397 | -10/Materials | Discovered new exit (range 13) 539 | -10/Materials | Discovered new exit (range 7) 556 | -10/Materials | Identified exit to Mines 669 | -10/Materials | Lost 3 parts (1p2w) 676 | -10/Materials | Core integrity fell below 50% 722 | -10/Materials | Entered Mines 723 | -10/Mines | Assembled infested the area 809 | -10/Mines | Core integrity fell below 20% 852 | -10/Mines | Destroyed by as-08912 with Assembled Heavy Rifle Last Messages --------------- T-07 Excavator destroyed. Dropped Aluminum Leg. Acquired Wheel. Acquired 17 matter. Assault Rifle destroyed. Lgt. Ion Engine destroyed. as-52797 destroyed. Acquired 8 matter. Knocked back. Destroyed Asb. Hover Unit. as-30095 destroyed. Acquired 3 matter. Acquired 10 matter. Lgt. Assault Rifle destroyed. Acquired 9 matter. EM Pulse Gun destroyed. as-38326 IFF system glitched. as-06764 destroyed. as-38326 destroyed. Acquired 6 matter. Map ----- +----------------------------------------------------+ | ????????????????????????????????????????? | | ????????????????????????????????????????? | | ?????###????????????????????????????????? | | ????## ##??????????????????????????????? | | ????# ##??###????????????????????????? | | ????? #?## ###?????????????????????? | | ?????# ### ##????????????????????? | | ????## ## #????????????????????? | | ????# ## #????????????????????? | | ????# ??# #????????????????????? | | ???## #???# #?????????????????????? | | ??## ##??# ##?????????????????????? | | ?## ##?# #??????????????????????? | | ?# ### #??????????????????????? | | ?# ##?????????????????????? | | ?# #?????????????????????? | | ?# #?????????????????????? | | ?## ### ##????????????????????? | | ??#####??## #????????????????????? | | ??????????## #????????????????????? | | ???????????# #????????????????????? | | ???????????# ##????????????????????? | | ???????????## %##?????????????????????? | | ????????????# ##!#??????????????????????? | | ????????????#=##*##?????????????????????? | | ????????????#|!%@*#?????????????????????? | | ????????????# ###a#?????????????????????? | | ????????????# #?#a#????????? ??????? | | ????????????# #?#!#### ??????? | | ????????????# #?#%|%!* ??????? | | ????????????# #?#|=!=% ??????? | | ?????????#### ########## ??????? | | ?????????# #????????? ???????? | | ?????????# #????????????? ???????? | | ?????????# """ #??????????????????????? | | ?????????# """ #??????????????????????? | | ?????????# """ #??????????????????????? | | ?????????# #??????????????????????? | | ?????????# #??????????????????????? | | ?????????# #??????????????????????? | | ?????????#########??????????????????????? | | ????????????????????????????????????????? | | ????????????????????????????????????????? | | ????????????????????????????????????????? | | ????????????????????????????????????????? | | ????????????????????????????????????????? | | ????????????????????????????????????????? | | ????????????????????????????????????????? | | ????????????????????????????????????????? | | ????????????????????????????????????????? | +----------------------------------------------------+ Best States ------------- Heat Dissipation 25 Energy Generation 10 Energy Capacity 250 Matter Stores 300 Matter Capacity 300 Sight Range 16 Terrain Scan Density 10 Evasion (%) 40 Recoil Reduction 1 Item Schematics ----------------- None Robot Schematics ------------------ None Fabricated ------------ Nothing Alien Tech Used ----------------- None Achievements -------------- None Challenges ------------ None Game ------ Seed ActuatorRestorationGun Manual? 0 Play Time 00:19:21 Cumulative 8.2 hours Start 2019.12.26 @ 19:34:57 End 2019.12.27 @ 19:01:51 Sessions 3 Manual Loads 0 Difficulty Rogue Special Mode None Game No. 6 Rogue 6 Adventurer 0 Explorer 0 Win Type - Total 0 Types 0/0/0/0/0/0/0 Lore% 7 Gallery% 10 Achievement% 14 Wizard Run 0 Options --------- ASCII 0 Keyboard 0 Movement Arrows Keybinds 0 Fullscreen 1 Font 18/SmallcapsGlow Map View 76x50 Tactical HUD 0 Map Filters NONE Filters NONE Steam 1 RUN: dc3dd7aa-6f48-4289-87aa-c02f24d06715